 Dungeon Crawl Stone Soup version 0.30-a0-364-gf6b3ef1049 (webtiles) character file.

Game seed: 15042603165384769937

687 Devinter the Grave Robber (level 7, -2/47 HPs)
             Began as a Demonspawn Necromancer on Nov 16, 2022.
             Slain by a gnoll
             ... wielding a +0 halberd
             ... led by a gnoll bouda
              (12 damage)
             ... on level 5 of the Dungeon.
             The game lasted 00:25:06 (3834 turns).

Devinter the Grave Robber (Demonspawn Necromancer)  Turns: 3834, Time: 00:25:06

Health: -2/47      AC:  6    Str: 11    XL:     7   Next: 35%
Magic:  17/23      EV: 17    Int: 17    God:
Gold:   243        SH:  0    Dex: 15    Spells: 8/16 levels left

rFire   . . .      SeeInvis .    v - +7 short sword of Malaise {vorpal, +Blink rC+ Str+3}
rCold   + . .      Faith    .    (no shield)
rNeg    + . .      Spirit   .    F - +0 robe {rN+}
rPois   .          Reflect  .    D - +1 helmet
rElec   .          Harm     .    B - +0 cloak
rCorr   +          Rampage  .    (no gloves)
Will    .....                    (no boots)
Stlth   +++.......               (no amulet)
HPRegen 0.27/turn                j - ring of resist corrosion
MPRegen 0.18/turn                y - ring of magical power

@: mighty, agile, animating dead
A: hooves 2, rugged brown scales 1, powered by pain 1
a: Evoke Blink


You were on level 5 of the Dungeon.
You visited 1 branch of the dungeon, and saw 5 of its levels.

You collected 243 gold pieces.

Inventory:

Hand Weapons
 s - a +0 rapier
 v - the +7 short sword of Malaise (weapon) {vorpal, +Blink rC+ Str+3}
   (You found it on level 3 of the Dungeon)

   It inflicts extra damage upon your enemies.
   Str:       It affects your strength (+3).
   rC:        It protects you from cold.
   +Blink:    It lets you blink.
Missiles
 q - 3 datura-tipped darts
 r - a throwing net
 x - 5 atropa-tipped darts
 G - 3 boomerangs
Armour
 B - a +0 cloak (worn)
 D - a +1 helmet (worn)
 F - a +0 robe of positive energy (worn)
Jewellery
 j - a ring of resist corrosion (left hand)
 p - a ring of fire
 y - a ring of magical power (right hand)
 A - a ring of magical power
Wands
 a - a wand of acid (9)
 z - a wand of iceblast (7)
Scrolls
 d - a scroll of torment {unknown}
 f - 6 scrolls of identify {unknown}
 h - 4 scrolls of immolation {unknown}
 i - a scroll of enchant armour {unknown}
 m - 3 scrolls of magic mapping {unknown}
 n - 5 scrolls of teleportation {unknown}
 t - 4 scrolls of blinking {unknown}
 w - a scroll of fear {unknown}
 C - a scroll of enchant weapon {unknown}
 E - a scroll of brand weapon {unknown}
Potions
 b - a potion of magic
 c - 3 potions of curing
 e - 2 potions of heal wounds {unknown}
 g - 2 potions of berserk rage {unknown}
 k - 2 potions of degeneration {unknown}
 l - a potion of mutation {unknown}
 o - 2 potions of flight {unknown}
 u - a potion of brilliance {unknown}


   Skills:
 + Level 3.4 Short Blades
 - Level 2.0 Dodging
 + Level 4.4 Stealth
 - Level 5.0 Spellcasting
 - Level 5.0 Necromancy


You had 8 spell levels left.
You knew the following spells:

 Your Spells              Type           Power      Damage    Failure   Level
a - Necrotise             Necr           84%        1d8       1%          1
b - Vampiric Draining     Necr           21%        2d7       5%          3
c - Animate Dead          Necr           21%        N/A       19%         4

Your spell library contained the following spells:

 Spells                   Type           Power      Damage    Failure   Level
 Summon Small Mammal      Summ           16%        N/A       14%         1
 Call Canine Familiar     Summ           4%         N/A       38%         3
 Summon Guardian Golem    Hex/Summ       4%         N/A       38%         3
 Agony                    Necr           21%        N/A       45%         5


Dungeon Overview and Level Annotations

Branches:
Dungeon (5/15)
 Temple: D:4-7

Altars:

Annotations:
D:4 Transporter with Artifact Axe, borntocrawl's ghost, amateur OpCj


Innate Abilities, Weirdness & Mutations

You have hoof-like feet.
You are partially covered in rugged brown scales. (AC +1, +3% HP)
You sometimes gain a little power by taking damage.


Message History

The gnoll closely misses you. The gnoll barely misses you.
You hit the gnoll but do no damage.
The gnoll is heavily wounded.
The gnoll closely misses you. The gnoll barely misses you.
You puncture the gnoll!
You kill the gnoll!
The gnoll hits you from afar with a +0 halberd!
You focus on the pain.
You feel very mighty all of a sudden.
Casting: Animate Dead (quite dangerous; 19% risk of failure)
Confirm with . or Enter, or press ? or * to list all spells.
Aiming: Necrotise (safe; 1% risk of failure)
Press: ? - help, Shift-Dir - straight line, f - gnoll
Aim: a gnoll, wielding a +0 halberd (covering ground quickly, chance to affect: 85%)
The gnoll writhes in agony.
Casting: Necrotise (safe; 1% risk of failure)
Confirm with . or Enter, or press ? or * to list all spells.
Aiming: Necrotise (safe; 1% risk of failure)
Press: ? - help, Shift-Dir - straight line, f/p - gnoll
Aim: a gnoll, wielding a +0 halberd (lightly wounded, covering ground quickly, chance to affect: 85%)
The gnoll bouda writhes in agony!
Casting: Necrotise (safe; 1% risk of failure)
Confirm with . or Enter, or press ? or * to list all spells.
Aiming: Necrotise (safe; 1% risk of failure)
Press: ? - help, Shift-Dir - straight line, f - gnoll bouda, p - gnoll
Aim: a gnoll bouda, wielding a +0 club and wearing a +0 leather armour (moderately wounded, chance to affect: 80%)
The gnoll bouda writhes in agony.
The gnoll barely misses you. The gnoll completely misses you. x2
Okay, then.
You closely miss the gnoll bouda. Your kick misses the gnoll bouda.
The gnoll bouda is heavily wounded.
The gnoll hits you from afar with a +0 halberd!
* * * LOW HITPOINT WARNING * * *
You hit the gnoll.
The gnoll is heavily wounded.
The gnoll hits you from afar with a +0 halberd!
* * * LOW HITPOINT WARNING * * *
You feel better. The gnoll closely misses you.
The gnoll completely misses you. x2
The gnoll hits you from afar with a +0 halberd!
You die...

..............#
..#........
.........######
...#........
.........# #####
....#........
##########
##...##....#......<.
#..........#........
#...)......#........
#.g.g# ##...##.#
#.ggg# ## #...##.#
#..@.+..............
##...##.............
##########
##...##.............
.........#
#...............####
.........#
#.........##....#...
.........#
#.........##....#...
.........#
##...##...##....#...
.........#
##...##...##....#...
#######..#
#.........#.....#...


You could see a gnoll bouda and 4 gnolls.

Vanquished Creatures
  A centaur (D:5)
  A necrophage (D:5)
  A scorpion (D:5)
  A howler monkey (D:5)
  3 hounds
  An orc priest (D:3)
  2 iguanas
  An orc wizard (D:5)
  6 gnolls
  5 adders
  A white imp (D:5)
  2 worms
  4 dart slugs
  13 orcs
  8 bats
  6 endoplasms
  6 goblins
  4 hobgoblins
  7 jackals
  4 quokkas
  4 ball pythons
  2 frilled lizards
  3 kobolds
  5 rats
91 creatures vanquished.

Vanquished Creatures (collateral kills)
  2 gnolls
  An adder (D:2)
  2 orcs (D:3)
  An endoplasm (D:1)
  A giant cockroach (D:2)
  3 quokkas
  A ball python (D:1)
  A goblin (D:1)
  A kobold (D:1)
13 creatures vanquished.

Vanquished Creatures (others)
  6 orc zombies (D:5)
6 creatures vanquished.

Grand Total: 110 creatures vanquished

Notes
Turn   | Place    | Note
-------+----------+-------------------------------------------
     0 | D:1      | Devinter the Demonspawn Necromancer began the quest for the
                  | Orb.
     0 | D:1      | Reached XP level 1. HP: 13/13 MP: 3/3
    94 | D:1      | Reached skill level 2 in Stealth
   132 | D:1      | Reached skill level 2 in Dodging
   215 | D:1      | Gained mutation: You sometimes gain a little power by
                  | taking damage. [demonic ancestry]
   215 | D:1      | Reached XP level 2. HP: 19/19 MP: 1/5
   339 | D:1      | Reached skill level 5 in Necromancy
   552 | D:1      | Reached XP level 3. HP: 24/24 MP: 1/6
   897 | D:2      | Reached skill level 3 in Spellcasting
   963 | D:2      | Gained mutation: You have large cloven feet. [demonic
                  | ancestry]
   963 | D:2      | Reached XP level 4. HP: 24/30 MP: 2/9
   969 | D:2      | HP: 3/30 [adder (3)]
  1084 | D:1      | Learned a level 3 spell: Vampiric Draining
  1397 | D:2      | Reached skill level 4 in Spellcasting
  1522 | D:3      | Gained mutation: You are partially covered in rugged brown
                  | scales. (AC +1, +3% HP) [demonic ancestry]
  1522 | D:3      | Reached XP level 5. HP: 30/36 MP: 5/11
  1785 | D:3      | Identified the +7 short sword of Malaise {vorpal, +Blink
                  | rC+ Str+3}
  2403 | D:4      | Noticed borntocrawl's ghost (amateur OpCj)
  2431 | D:4      | Reached skill level 1 in Short Blades
  2449 | D:4      | Gained mutation: You have hoof-like feet. [demonic
                  | ancestry]
  2449 | D:4      | Reached XP level 6. HP: 37/42 MP: 2/13
  2633 | D:4      | Learned a level 4 spell: Animate Dead
  2858 | D:4      | Found a transporter.
  2865 | D:4      | Found a transporter.
  3141 | D:5      | Entered Level 5 of the Dungeon
  3160 | D:5      | Reached skill level 3 in Stealth
  3188 | D:5      | Reached skill level 2 in Short Blades
  3193 | D:5      | Reached skill level 5 in Spellcasting
  3346 | D:5      | Reached XP level 7. HP: 32/47 MP: 14/14
  3473 | D:5      | Reached skill level 4 in Stealth
  3476 | D:5      | Reached skill level 3 in Short Blades
  3833 | D:5      | HP: 3/47 [gnoll/+0 halberd[a gnoll bouda] (10)]
  3834 | D:5      | Slain by a gnoll

Illustrated notes

Levels and vault maps discovered:
D:1:      elethiomel_arrival_infinity_welcomes_careful_drivers, layout_rooms,
          minmay_misc_feat_five, hangedman_feature_mirror
D:2:      layout_rooms, minmay_pentomino_t4
D:3:      layout_basic
D:4:      layout_loops_ring, gammafunk_ghost_stat_death,
          nicolae_underground_beach
D:5:      layout_gridville, minmay_quadrilaterals

Skill      XL: |  1  2  3  4  5  6  7 |
---------------+----------------------+-----
Stealth        | 2 3 4 |  4.4
Dodging        | 2 |  2.0
Necromancy     | 5 |  5.0
Spellcasting   | 3 4 5 |  5.0
Short Blades   | 1 2 3 |  3.4

Action                   |  1- 3 |  4- 6 |  7- 9 || total
-------------------------+-------+-------+-------++-------
Melee: Club              |    31 |       |       ||    31
       Dagger            |     9 |    10 |       ||    19
       Kick              |       |     9 |     7 ||    16
       Punch             |       |     1 |     1 ||     2
       Short sword       |       |    23 |    29 ||    52
 Cast: Necrotise         |    66 |    92 |    14 ||   172
       Animate Dead      |       |     1 |     3 ||     4
  Use: Potion            |       |     1 |     1 ||     2
 Stab: Sleeping          |       |     2 |       ||     2
Armor: Robe              |     9 |     7 |     3 ||    19
Dodge: Dodged            |    37 |    51 |    33 ||   121

Table legend: (Time is in decaauts)
 A = Elapsed time spent in this place.
 B = Non-inter-level travel time spent in this place.
 C = Inter-level travel time spent in this place.
 D = Time resting spent in this place.
 E = Time spent auto-exploring this place.
 F = Levels seen in this place.
 G = Mean time per level.
                   A        B        C        D        E       F      G
               +--------+--------+--------+--------+--------+-----+--------+
         Total |   3834 |   3717 |    117 |    445 |    835 |   5 |  766.8 |
       Dungeon |   3834 |   3717 |    117 |    445 |    835 |   5 |  766.8 |
               +--------+--------+--------+--------+--------+-----+--------+

Top non-repeatable levels by time:
     D:1: 942 daAuts
     D:3: 894 daAuts
     D:4: 750 daAuts
     D:5: 686 daAuts
     D:2: 560 daAuts
